 Dungeon Crawl Stone Soup version 0.27.1-1-g398f81649c (webtiles) character file.

Game seed: 11918969001671925463

53 LampP0st the Skirmisher (level 3, -1/33 HPs)
             Began as a Draconian Berserker on Sept 15, 2021.
             Was a Follower of Makhleb.
             Frozen to death by an endoplasm (3 damage)
             ... on level 1 of the Dungeon.
             The game lasted 00:04:27 (1033 turns).

LampP0st the Skirmisher (Draconian Berserker)       Turns: 1033, Time: 00:04:28

Health: -1/33      AC:  5    Str: 20    XL:     3   Next: 64%
Magic:  3/3        EV: 11    Int:  7    God:    Makhleb [*.....]
Gold:   39         SH:  3    Dex: 10    Spells: 2/2 levels left

rFire    . . .     SeeInvis .   a - +0 spear
rCold    . . .     Faith    .   g - +0 buckler
rNeg     . . .     Spirit   .   (armour unavailable)
rPois    .         Reflect  .   (helmet restricted)
rElec    .         Harm     .   (no cloak)
rCorr    .         Rampage  .   (no gloves)
Will     .....                  (no boots)
Stlth    +.........             (no amulet)
HPRegen  0.11/turn              (no ring)
MPRegen  0.08/turn              (no ring)

@: slowed, very slow
A: AC +5, unfitting armour, cold-blooded
a: Renounce Religion


You were on level 1 of the Dungeon.
You worshipped Makhleb.
Makhleb was aware of your devotion.
You visited 1 branch of the dungeon, and saw 1 of its levels.

You collected 39 gold pieces.

Inventory:

Hand Weapons
 a - a +0 spear (weapon)
 c - a +0 dagger
 e - a +0 hand axe
 f - a +0 club
Missiles
 h - 13 arrows
Armour
 g - a +0 buckler (worn)
Magical Staves
 i - a staff of cold
Scrolls
 d - a scroll of magic mapping {unknown}
Potions
 b - a potion of curing {unknown}


   Skills:
 + Level 4.0 Fighting
 + Level 3.5 Polearms
 + Level 3.2 Dodging
 + Level 0.3 Stealth


You had 2 spell levels left.
You didn't know any spells.
Your spell library was empty.

Dungeon Overview and Level Annotations

Branches:
Dungeon (1/15)

Altars:
Makhleb


Innate Abilities, Weirdness & Mutations

Your plain brown scales are hard. (AC +5)
You cannot fit into any form of body armour.
You are cold-blooded and may be slowed by cold attacks.


Message History

You closely miss the ball python. You tail-slap the ball python.
You kill the ball python!
Makhleb accepts your kill. The gnoll hits you with a +0 whip.
The endoplasm misses you. The gnoll barely misses you.
The gnoll hits you but does no damage. The endoplasm hits you.
The gnoll closely misses you.
You puncture the gnoll!
The gnoll is heavily wounded.
The endoplasm freezes you.
You are frozen.
You feel yourself slow down. The gnoll hits you with a +0 whip!
You closely miss the gnoll.
The gnoll is heavily wounded.
The endoplasm freezes you.
You are frozen.
The gnoll hits you with a +0 whip. The endoplasm barely misses you.
The gnoll barely misses you.
You hit the gnoll but do no damage. You tail-slap the gnoll.
The gnoll is severely wounded.
The endoplasm hits you but does no damage.
The gnoll hits you with a +0 whip.
You hit the gnoll. You tail-slap the gnoll.
You kill the gnoll!
Makhleb accepts your kill. The endoplasm freezes you.
You are frozen.
* * * LOW HITPOINT WARNING * * *
The endoplasm hits you.
* * * LOW HITPOINT WARNING * * *
You feel yourself speed up. The endoplasm freezes you.
You are frozen.
* * * LOW HITPOINT WARNING * * *
You feel yourself slow down.
Things that are here:
a +0 whip; a gnoll corpse You hit the endoplasm but do no damage.
The endoplasm hits you.
* * * LOW HITPOINT WARNING * * *
The endoplasm freezes you.
You are frozen.
You die...

####### ##...... ##### #..#####
###...########## #..#.... ####
#.....##.......# #..#.... ...#
#.....##.......# #..#..##
...###.....##.......######..'†.'_
...........++...J...'...>...#..##
#.#.####...##...@...####.#..#....
#.#..####'###..........#.#..#....
#+##+##.....#........#.#....#####
.... #.....#........# #.##......
.....#.....#........# #.......##
...#.....#....#+#.# #....##.# .
#.#.....#....# .# #....##.#
#####.......#....# # #.. #.#
...........# #. #.#


You could see an endoplasm.

Vanquished Creatures
  A gnoll (D:1)
  3 dart slugs (D:1)
  4 ball pythons (D:1)
  3 endoplasms (D:1)
  3 giant cockroaches (D:1)
  A goblin (D:1)
  5 hobgoblins (D:1)
  4 kobolds (D:1)
  2 quokkas (D:1)
  3 bats (D:1)
  2 frilled lizards (D:1)
  4 rats (D:1)
35 creatures vanquished.

Notes
Turn   | Place    | Note
-------+----------+-------------------------------------------
     0 | D:1      | LampP0st the Draconian Berserker began the quest for the
                  | Orb.
     0 | D:1      | Reached XP level 1. HP: 19/19 MP: 1/1
   163 | D:1      | Reached XP level 2. HP: 13/26 MP: 2/2
   600 | D:1      | Reached XP level 3. HP: 24/33 MP: 3/3
   658 | D:1      | Reached ** piety under Trog
   981 | D:1      | Reached skill level 4 in Fighting
   999 | D:1      | Found a faded altar of an unknown god.
  1002 | D:1      | Fell from the grace of Trog
  1002 | D:1      | Became a worshipper of Makhleb the Destroyer
  1002 | D:1      | Reached * piety under Makhleb
  1033 | D:1      | Frozen to death by an endoplasm

Illustrated notes

Levels and vault maps discovered:
D:1:      psy_arrival_spokes, layout_basic,
          hellmonk_ecumenical_altar_inner_sanctum, minmay_bisected

Skill      XL: |  1  2  3 |
---------------+----------+-----
Dodging        | 3 |  3.2
Fighting       | 4 |  4.0
Polearms       | |  3.5
Stealth        | |  0.3

Action                   || total
-------------------------++-------
Melee: Spear             ||    84
       Tailslap          ||    10
Armor: Skin              ||    38
Dodge: Dodged            ||    67
Block: Buckler           ||    12
